 Dungeon Crawl Stone Soup version 0.32-a0-22-g6ae6769602 (webtiles) character file.

Game seed: 9660964798207414899

38 p00ps00p the Trooper (level 3, -3/33 HPs)
             Began as a Hill Orc Fighter on Jan 19, 2024.
             Killed from afar by an orc wizard (9 damage)
             ... with a puff of flame
             ... on level 2 of the Dungeon.
             The game lasted 00:01:09 (961 turns).

p00ps00p the Trooper (Hill Orc Fighter)              Turns: 961, Time: 00:01:10

Health: -3/33      AC:  7    Str: 20    XL:     3   Next: 43%
Magic:  3/3        EV:  9    Int:  8    God:
Gold:   68         SH:  0    Dex: 10    Spells: 2/2 levels left

rFire   . . .        a - +0 war axe
rCold   . . .        c - +1 buckler
rNeg    . . .        b - +0 scale mail
rPois   .            (no helmet)
rElec   .            (no cloak)
rCorr   .            (no gloves)
SInv    .            (no boots)
Will    .....        (no amulet) Stlth
                     (no ring)
HPRegen 0.25/turn    (no ring)
MPRegen 0.08/turn

%: no passive effects
@: confused
A: no striking features
a: Convert to Beogh


You were on level 2 of the Dungeon.
You visited 1 branch of the dungeon, and saw 2 of its levels.

You collected 68 gold pieces.

Inventory:

Hand Weapons
 a - a +0 war axe (weapon)
Armour
 b - a +0 scale mail (worn)
 c - a +1 buckler (worn)
Jewellery
 i - a ring of poison resistance
Potions
 d - a potion of might
 g - a potion of mutation
 h - a potion of lignification


   Skills:
 + Level 4.1 Fighting
 + Level 3.4 Axes
 + Level 3.7 Armour
 + Level 3.7 Shields


You had 2 spell levels left.
You didn't know any spells.
Your spell library was empty.

Dungeon Overview and Level Annotations

Branches:
Dungeon (2/15)

Altars:


Message History

Unknown command.
You are too injured to fight recklessly!
Unknown command.
You are too injured to fight recklessly!
Unknown command.
You are too injured to fight recklessly!
Unknown command.
You closely miss the kobold. The kobold misses you.
The orc wizard gestures wildly while chanting.
The orc wizard flickers and vanishes!
Deactivating autopickup; reactivate with Ctrl-A.
The kobold hits you with a +0 whip.
You closely miss the kobold.
The orc priest shouts, "Surrender to Beogh and we'll let you live!"
The kobold hits you but does no damage.
The orc priest shouts, "Join the one true god or die!"
You slash the kobold!
You kill the kobold!
You barely miss something. Something hits you.
Something hits you but does no damage.
You barely miss something. Something hits you but does no damage.
The orc priest begins to cast a cantrip, but forgets the words!
You miss something. Something hits you.
You hit something but do no damage.
You hear some strange, mumbled words.
A puff of flame appears from out of thin air!
The puff of flame hits you. You block something's attack.
You miss something. Something hits you.
* * * LOW HITPOINT WARNING * * *
You barely miss something. Something hits you.
* * * LOW HITPOINT WARNING * * *
You miss something. Something hits you but does no damage.
The orc priest mumbles some strange prayers to Beogh against you.
You hear some strange, mumbled words.
You are confused.
You're too confused to move!
You hear some strange, mumbled words.
A puff of flame appears from out of thin air!
The puff of flame hits you!
You die...

#####...#######.
##..........
#.########.
##'## . ##...##
#.# ##.....##
...# ##.......#
#.o##.........#
#.o{@.........+
#.o##.........#
...# ##.......##
##. ##.....##
##...## #+##


You could see an orc priest and 2 orcs.

Vanquished Creatures
  An orc (D:2)
  5 ball pythons
  2 bats (D:1)
  6 endoplasms
  3 giant cockroaches (D:1)
  2 hobgoblins
  2 jackals (D:1)
  3 kobolds
  2 quokkas (D:1)
  A frilled lizard (D:1)
  4 rats
31 creatures vanquished.

Notes
Turn   | Place    | Note
-------+----------+-------------------------------------------
     0 | D:1      | p00ps00p the Hill Orc Fighter began the quest for the Orb.
     0 | D:1      | Reached XP level 1. HP: 19/19 MP: 1/1
   185 | D:1      | Reached XP level 2. HP: 22/27 MP: 2/2
   495 | D:1      | Reached skill level 4 in Fighting
   501 | D:1      | Reached XP level 3. HP: 33/33 MP: 3/3
   961 | D:2      | Killed from afar by an orc wizard

Illustrated notes

Levels and vault maps discovered:
D:1:      sevenhm_arrival_forest_fort_small_3, layout_basic
D:2:      layout_loops_corners, basic_altar, serial_undead, serial_undead_a,
          serial_undead_b, serial_undead_e, serial_undead_f, minivault_14

Skill      XL: |  1  2 |
---------------+-------+-----
Axes           | 3 |  3.4
Fighting       | 4 |  4.1
Armour         | |  3.7
Shields        | |  3.7

Action                     || total
---------------------------++-------
  Melee: War axe           ||    87
    Use: Scroll            ||     3
 Armour: Scale mail        ||    55
  Dodge: Dodged            ||    35
  Block: Buckler           ||    26

Table legend: (Time is in decaauts)
 A = Elapsed time spent in this place.
 B = Non-inter-level travel time spent in this place.
 C = Inter-level travel time spent in this place.
 D = Time resting spent in this place.
 E = Time spent auto-exploring this place.
 F = Levels seen in this place.
 G = Mean time per level.
                   A        B        C        D        E       F      G
               +--------+--------+--------+--------+--------+-----+--------+
         Total |    993 |    984 |      9 |      0 |    787 |   2 |  496.5 |
       Dungeon |    993 |    984 |      9 |      0 |    787 |   2 |  496.5 |
               +--------+--------+--------+--------+--------+-----+--------+

Top non-repeatable levels by time:
     D:1: 804 daAuts
     D:2: 189 daAuts
